Mourne, chaotic male orcish Priest ------- ......| |.....+ |<.{!.| ` |.....| #@-.._..| a ------- #k# Mourne the Acolyte Experience level: 5 Strength: 12 Dexterity: 15 Constitution: 17 Intelligence: 10 Wisdom: 14 Charisma: 8 Health: 0(51) Energy: 45(59) Def: 3 Gold: 485 Moves: 2282 Dungeon seed: gZl6wEanJeCQEdos Game ID: Mourne_1520557174 Your Inventory: Coins $ - 485 gold pieces Weapons a - a blessed +1 mace (weapon in hand) Armor e - an uncursed +0 robe (being worn) n - an uncursed +0 orcish shield q - a blessed +0 pair of low boots (being worn) Comestibles c - an uncursed clove of garlic d - an uncursed sprig of wolfsbane l - 2 uncursed food rations Scrolls m - a cursed scroll of light p - 2 uncursed scrolls of light A - a blessed scroll of identify Potions b - 4 potions of holy water s - an uncursed potion of hallucination t - an uncursed potion of object detection u - a cursed potion of gain level z - an uncursed potion of healing Rings v - an uncursed ring of polymorph control (on left hand) Tools h - an uncursed oil lamp (0:1388) Spells and supernatural/magical abilities: Name Level Category Fail Memory h - healing 1 healing 0% 99% n - detect monsters 1 divination 0% 99% B - cure blindness 2 healing 61% 100% W - pray for help -- divine ? -- X - turn undead -- divine ? -- Your skills at the end: Fighting Skills wands [Basic] Weapon Skills mace [Basic] Spellcasting Skills clerical spells [Basic] Final Attributes: You were immune to poison. You were stunned. You had infravision. You had polymorph control. You last prayed 4 turns ago. You are dead. Vanquished creatures: a rock piercer a shrieker a gnome lord a little dog 2 kittens 2 kobold lords a giant bat an iguana a hobbit a large kobold a red mold a gnome 7 jackals 2 kobolds 2 sewer rats 4 grid bugs 6 bats 2 lichens 3 newts 40 creatures vanquished. Voluntary challenges: You had been an atheist until turn 2275. You used a wielded weapon 60 times, starting on turn 7. You read items or engraved 6 times, starting on turn 980. You never genocided any monsters. You never polymorphed an object. You never changed form. You used no wishes. You never split a pudding. You never wrote Elbereth's name. You never violated your personal moral code. Dungeon overview: The Dungeons of Doom: levels 1 to 8 Level 1 a vault a long staircase Level 2 a weapon shop a long staircase Level 3 a sink, a vault Level 4 some fountains, a vault Level 5 Level 6 Level 7 an altar to Raijin Level 8 <- You were here an altar to Susanowo, a fountain History has recorded: On T:1 you entered the Dungeons of Doom to retrieve the Amulet of Yendor! On T:221 you reached level 2 of The Dungeons of Doom. On T:494 you reached level 3 of The Dungeons of Doom. On T:570 you advanced to experience level 2. On T:894 you reached level 4 of The Dungeons of Doom. On T:1122 you advanced to experience level 3. On T:1211 you reached level 5 of The Dungeons of Doom. On T:1565 you advanced to experience level 4. On T:1685 you reached level 6 of The Dungeons of Doom. On T:1979 you reached level 7 of The Dungeons of Doom. On T:2232 you advanced to experience level 5. On T:2248 you reached level 8 of The Dungeons of Doom. Score breakdown: Gold: 485 ( 9139 points) Experience: 5 levels (11141 points) Exploration: 8 levels ( 16.67%) (11577 points) Discoveries: 1 item ( 0.35%) ( 1764 points) Valuables value: (no points given unless you survive) Artifact value: 0 ( 0 points) Variety of kills: 19 monsters ( 5.00%) ( 6708 points) Turncount: 2282 turns ( -195 points) Survival: died (score multiplied by 80%) Total score: 32107 Latest messages: You begin praying to Susanowo. You are surrounded by a shimmering light. The giant ant starts to attack you, but pulls back. (4x) You feel that Susanowo is well-pleased. [3 turns] You bump into the giant ant. The giant ant bites! (2x) The giant ant just misses! There isn't space to move around the boulder. You bump into the giant ant. The giant ant bites! (2x) You bump into the giant ant. The giant ant bites! You hear bubbling water. There must be a fountain on the level. There isn't space to move around the boulder. The giant ant bites! (2x) You die... Final status: Goodbye Mourne the Priest, killed by a giant ant... You died in The Dungeons of Doom on dungeon level 8 with 32107 points, and 485 pieces of gold, after 2282 moves. You were level 5 with a maximum of 51 hit points when you died.